 Dungeon Crawl Stone Soup version 0.29.1-2-gbd0b4ee654 (webtiles) character file.

Game seed: 5996679992495117943

14861 mortz the Basher (level 12, -6/77 HPs)
             Began as a Gargoyle Fighter on Nov 3, 2022.
             Was a High Priest of Okawaru.
             Mangled by an ancient zyme (8 damage)
             ... on level 1 of the Abyss.
             The game lasted 00:58:15 (11808 turns).

mortz the Basher (Gargoyle Fighter)                Turns: 11808, Time: 00:58:15

Health: -6/77      AC: 33    Str: 25    XL:     12   Next: 21%
Magic:  0/21       EV:  7    Int: 15    God:    Okawaru [*****.]
Gold:   580        SH:  5    Dex:  9    Spells: 11/11 levels left

rFire   . . .      SeeInvis .   a - +1 morningstar
rCold   . . .      Faith    .   c - +0 buckler
rNeg    + . .      Spirit   +   B - +2 plate armour
rPois   ∞          Reflect  .   (no helmet)
rElec   +          Harm     .   (no cloak)
rCorr   .          Rampage  ∞   i - +2 pair of gloves
Will    .....                   w - +3 pair of seven-league boots {Rampage+∞}
Stlth   ..........              k - amulet of guardian spirit
HPRegen 0.22/turn               j - +6 ring of intelligence
MPRegen 0.17/turn               C - ring of magical power

@: no status effects
A: sickness immunity, AC +8, negative energy resistance 1, electricity
resistance, torment resistance 1, petrification resistance
a: Renounce Religion, Heroism, Finesse, Duel


You were on level 1 of the Abyss.
You worshipped Okawaru.
Okawaru was extremely pleased with you.
You visited 2 branches of the dungeon, and saw 11 of its levels.
You visited the Abyss 1 time.

You collected 580 gold pieces.

Inventory:

Hand Weapons
 a - a +1 morningstar (weapon)
 b - a +1 flail of holy wrath
 d - a +3 trident of freezing
 h - a +2 vorpal war axe
 s - a +1 war axe of flaming
 E - a +4 halberd
Missiles
 g - 90 stones
 p - a boomerang
 t - 25 poisoned darts (quivered)
 v - 3 throwing nets
 x - 5 javelins
Armour
 c - a +0 buckler (worn)
 i - a +2 pair of gloves (worn)
 w - the +3 pair of seven-league boots (worn) {Rampage+∞}
   (You acquired it on level 4 of the Dungeon)

   Its wearer moves as far as possible in that direction when moving towards
   enemies.
 B - a +2 plate armour (worn)
Jewellery
 j - a +6 ring of intelligence (left hand)
 k - an amulet of guardian spirit (around neck)
 l - the ring of the Firefly {rF+ rC- Int+3 Dex+6 SInv}
   (You acquired it on level 3 of the Dungeon)

   [ring of dexterity]

   Int:       It affects your intelligence (+3).
   Dex:       It affects your dexterity (+6).
   rF:        It protects you from fire.
   rC:        It makes you vulnerable to cold.
   SInv:      It lets you see invisible.
 u - the ring of Loucva {rPois EV+4 Str-4 Dex+2}
   (You found it on level 7 of the Dungeon)

   [ring of evasion]

   EV:        It affects your evasion (+4).
   Str:       It affects your strength (-4).
   Dex:       It affects your dexterity (+2).
   rPois:     It protects you from poison.
 C - a ring of magical power (right hand)
Wands
 y - a wand of flame (24)
 A - a wand of light (10)
 D - a wand of iceblast (11)
 J - a wand of paralysis (6)
 K - a wand of digging (5)
Scrolls
 z - a scroll of immolation
 H - 2 scrolls of teleportation
Potions
 e - 2 potions of flight
 f - a potion of magic
 m - 5 potions of attraction
 n - 5 potions of curing
 o - a potion of berserk rage
 q - a potion of brilliance
 r - 4 potions of resistance
 F - a potion of might
 G - a potion of lignification {unknown}


   Skills:
 + Level 10.0 Fighting
 * Level 13.3 Maces & Flails
 + Level 0.7 Throwing
 + Level 10.3 Armour
 + Level 2.3 Dodging
 + Level 8.1 Shields


You had 11 spell levels left.
You didn't know any spells.
Your spell library contained the following spells:

 Spells                   Type           Power      Damage    Failure   Level
 Magic Dart               Conj           0%         1d3       98%         1
 Blink                    Tloc           0%         N/A       99%         2
 Mephitic Cloud           Conj/Pois/Air  0%         N/A       100%        3
 Hailstorm                Conj/Ice       0%         3d3       100%        4
 Ice Form                 Ice/Tmut       0%         N/A       100%        4
 Manifold Assault         Tloc           0%         N/A       100%        5
 Storm Form               Tmut/Air       0%         N/A       100%        7
 Call Imp                 Summ           Unusable   N/A       N/A         2
 Simulacrum               Ice/Necr       Unusable   N/A       N/A         6

Dungeon Overview and Level Annotations

Branches:
Dungeon (10/15) Zot: 26084  Temple (1/1) D:7 Zot: 5825
   Lair: D:8-11         Orc: D:9-12

Altars:
Ashenzari
Dithmenos
Elyvilon
Fedhas
Gozag
Hepliaklqana
Kikubaaqudgha
Makhleb
Nemelex Xobeh
Okawaru
Qazlal
Ru
Sif Muna
Trog
Uskayaw
Vehumet
Wu Jian
Xom
Yredelemnul
Zin
The Shining One

Annotations:
D:10 Sonja


Innate Abilities, Weirdness & Mutations

You are immune to sickness and miasma.
Your stone body is resilient. (AC +8)
You are immune to poison.
You resist negative energy. (rN+)
You are resistant to electric shocks. (rElec)
You are resistant to unholy torment.
You are immune to petrification.


Message History

The starcursed mass shudders and is absorbed by its neighbour.
The starcursed mass touches you.
* * * LOW HITPOINT WARNING * * *
A starcursed mass splits.
You impale the starcursed mass!!
The starcursed mass is almost destroyed.
The starcursed mass shudders and is absorbed by its neighbour.
A starcursed mass splits.
You sock the starcursed mass!
The starcursed mass is almost destroyed.
The starcursed mass shudders and is absorbed by its neighbour.
A starcursed mass splits. x2
You hit the starcursed mass.
The starcursed mass is almost destroyed.
The starcursed mass shudders and is absorbed by its neighbour.
You impale the ancient zyme!! A chorus of shrieks assaults your mind.
* * * LOW HITPOINT WARNING * * *
The starcursed mass touches you.
* * * LOW HITPOINT WARNING * * *
The starcursed mass attacks as you move away!
The ancient zyme barely misses you.
A starcursed mass splits. x2
A chorus of shrieks assaults your mind.
* * * LOW HITPOINT WARNING * * *
You puncture the ancient zyme!
The ancient zyme is severely damaged.
The ancient zyme hits you.
* * * LOW HITPOINT WARNING * * *
A starcursed mass splits.
A deafening chorus of shrieks assaults your mind!
* * * LOW HITPOINT WARNING * * *
You suddenly lose the ability to move!
You can move again.
You thump the ancient zyme!
The ancient zyme is severely damaged.
A starcursed mass splits.
The ancient zyme barely misses you.
You hit the starcursed mass but do no damage.
The starcursed mass is severely damaged.
The ancient zyme hits you!
You die...

.# .. .# #. .#
.#####..#.#.##.#
.....#....## .#
##.#.#.........#
##
X.#.....####....#
#..#X#.....##.#
#### #.XX.......#
#.##xXX# ....#
.#..@##.# ..#. #.
#...# # # #
#.#..# ## .
#.....# #. ##...
#.. .#.# ##. ..##
...


You could see 6 starcursed masses and an ancient zyme.

Vanquished Creatures
  A tentacled starspawn (Abyss:1)
  Snorg (D:10)
  A hydra (D:8)
  A centaur warrior (D:8)
  A two-headed ogre (D:10)
  Amaemon (D:8)
  Pikel (D:7)
  A worldbinder (Abyss:1)
  Joseph (D:7)
  An orange demon (D:8)
  A smoke demon (Abyss:1)
  A kobold demonologist (D:8)
  2 ancient zymes (Abyss:1)
  A troll (D:9)
  2 blink frogs (Abyss:1)
  A slime creature (D:8)
  A raiju (Abyss:1)
  Sigmund (D:6)
  5 wyverns
  A wraith (D:8)
  A ynoxinul (Abyss:1)
  6 yaks (D:7)
  A fire elemental (Abyss:1)
  A large abomination (Abyss:1)
  4 steam dragons
  Menkaure (D:6)
  Duvessa (D:6)
  7 water moccasins
  2 orc warriors
  2 sky beasts
  2 ice beasts (D:6)
  2 black bears
  An ogre (D:6)
  A centaur (D:6)
  A wolf (D:9)
  3 lemures (D:7)
  2 kobold brigands (D:7)
  4 bullfrogs
  A gnoll sergeant (D:5)
  2 scorpions
  13 wights
  3 necrophages
  A small abomination (Abyss:1)
  Dowan (D:6)
  6 killer bees (D:9)
  2 howler monkeys
  2 hounds
  A gnoll bouda (D:6)
  3 orc priests
  2 iguanas (D:5)
  3 jellies
  7 orc wizards
  7 adders
  18 gnolls
  2 white imps
  An ufetubus (D:5)
  4 worms
  2 dart slugs (D:1)
  27 orcs
  6 ball pythons
  5 endoplasms
  A giant cockroach (D:4)
  A goblin (D:3)
  4 hobgoblins
  A quokka (D:1)
  9 bats
  4 frilled lizards
  12 kobolds
  A rat (D:1)
220 creatures vanquished.

Vanquished Creatures (others)
  An orc (D:10)
  4 fungi (D:10)
  25 plants
  2 starspawn tentacles (Abyss:1)
32 creatures vanquished.

Grand Total: 252 creatures vanquished

Notes
Turn   | Place    | Note
-------+----------+-------------------------------------------
     0 | D:1      | mortz the Gargoyle Fighter began the quest for the Orb.
     0 | D:1      | Reached XP level 1. HP: 14/14 MP: 1/1
   395 | D:1      | Reached XP level 2. HP: 19/19 MP: 2/2
   904 | D:2      | Reached XP level 3. HP: 24/24 MP: 3/3
  1096 | D:2      | Found a faded altar of an unknown god.
  1710 | D:3      | Found a shadowy altar of Dithmenos.
  2179 | D:3      | Reached XP level 4. HP: 26/29 MP: 4/4
  2534 | D:3      | Identified a scroll of acquirement
  2534 | D:3      | Acquired the ring of the Firefly {rF+ rC- Int+3 Dex+6 SInv}
  2637 | D:4      | Reached skill level 3 in Maces & Flails
  2637 | D:4      | Reached XP level 5. HP: 17/33 MP: 2/5
  3139 | D:4      | Acquired the +3 pair of seven-league boots {Rampage+∞}
  3139 | D:4      | Found the +3 pair of seven-league boots {Rampage+∞}
  3166 | D:4      | Reached XP level 6. HP: 39/39 MP: 6/6
  3506 | D:4      | Found a burning altar of Makhleb.
  3721 | D:5      | Entered Level 5 of the Dungeon
  3787 | D:5      | Reached skill level 1 in Dodging
  3827 | D:5      | Noticed a water moccasin
  3847 | D:5      | Killed a water moccasin
  3848 | D:5      | Reached skill level 5 in Armour
  4011 | D:5      | Reached skill level 5 in Fighting
  4011 | D:5      | Reached XP level 7. HP: 43/44 MP: 7/7
  4267 | D:5      | Reached skill level 4 in Maces & Flails
  4453 | D:5      | Reached skill level 5 in Shields
  4627 | D:5      | Found an ornate altar of the Wu Jian Council.
  5119 | D:6      | Noticed Menkaure
  5129 | D:6      | Killed Menkaure
  5130 | D:6      | Reached XP level 8. HP: 43/51 MP: 8/8
  5529 | D:6      | Reached skill level 5 in Maces & Flails
  5581 | D:6      | Noticed Sigmund
  5587 | D:6      | Killed Sigmund
  5735 | D:6      | Noticed Duvessa
  5744 | D:6      | Noticed Dowan
  5751 | D:6      | Killed Dowan
  5752 | D:6      | Killed Duvessa
  5753 | D:6      | Reached XP level 9. HP: 24/56 MP: 4/9
  6062 | D:6      | Reached skill level 6 in Maces & Flails
  6078 | D:6      | HP: 2/57 [wight/+3 halberd (7)]
  6488 | D:7      | Found a staircase to the Ecumenical Temple.
  6490 | D:7      | Noticed Joseph
  6613 | D:7      | Killed Joseph
  6620 | D:7      | Identified the ring of Loucva {rPois EV+4 Str-4 Dex+2}
  6630 | Temple   | Entered the Ecumenical Temple
  6742 | Temple   | Became a worshipper of Warmaster Okawaru
  6924 | D:7      | Noticed Pikel
  6957 | D:7      | Killed Pikel
  6957 | D:7      | Reached * piety under Okawaru
  6958 | D:7      | Reached skill level 7 in Maces & Flails
  6958 | D:7      | Reached XP level 10. HP: 52/64 MP: 10/10
  7024 | D:7      | Reached skill level 8 in Maces & Flails
  8013 | D:7      | Reached ** piety under Okawaru
  8014 | D:7      | Reached skill level 9 in Maces & Flails
  8243 | D:8      | Noticed Amaemon
  8243 | D:8      | Noticed an orange demon
  8335 | D:8      | Killed Amaemon
  8758 | D:7      | Reached *** piety under Okawaru
  8759 | D:7      | Reached skill level 10 in Maces & Flails
  8863 | D:8      | Killed an orange demon
  8987 | D:8      | Reached XP level 11. HP: 66/69 MP: 11/11
  9030 | D:8      | Noticed a centaur warrior
  9048 | D:8      | Killed a centaur warrior
  9049 | D:8      | Reached skill level 11 in Maces & Flails
  9155 | D:8      | Noticed a seven-headed hydra
  9172 | D:8      | Killed a seven-headed hydra
  9676 | D:8      | Reached **** piety under Okawaru
 10486 | D:10     | Entered Level 10 of the Dungeon
 10668 | D:10     | Noticed a two-headed ogre
 10748 | D:10     | Noticed a two-headed ogre
 10781 | D:10     | Killed a two-headed ogre
 10782 | D:10     | Reached skill level 12 in Maces & Flails
 10990 | D:10     | Noticed a two-headed ogre
 11059 | D:10     | Noticed Snorg
 11077 | D:10     | Killed Snorg
 11077 | D:10     | Reached ***** piety under Okawaru
 11392 | D:10     | Noticed Sonja
 11405 | Abyss:1  | Cast into level 1 of the Abyss (Sonja)
 11467 | Abyss:1  | Noticed a worldbinder
 11492 | Abyss:1  | Received a gift from Okawaru
 11493 | Abyss:1  | Reached skill level 10 in Armour
 11569 | Abyss:1  | Noticed a worldbinder
 11575 | Abyss:1  | Noticed a deep elf zephyrmancer
 11577 | Abyss:1  | Noticed a mana viper
 11582 | Abyss:1  | Noticed a deep elf pyromancer
 11582 | Abyss:1  | Noticed a deep elf zephyrmancer
 11582 | Abyss:1  | Noticed a deep elf knight
 11593 | Abyss:1  | Noticed a deep elf knight
 11593 | Abyss:1  | Noticed a deep elf zephyrmancer
 11593 | Abyss:1  | Killed a worldbinder
 11594 | Abyss:1  | Reached XP level 12. HP: 14/77 MP: 7/12
 11692 | Abyss:1  | Reached skill level 13 in Maces & Flails
 11721 | Abyss:1  | Noticed a tentacled starspawn
 11733 | Abyss:1  | Killed a tentacled starspawn
 11733 | Abyss:1  | Received a gift from Okawaru
 11792 | Abyss:1  | Noticed a starcursed mass
 11795 | Abyss:1  | Reached skill level 10 in Fighting
 11805 | Abyss:1  | HP: 1/77 [starcursed mass/accursed screaming (4)]
 11805 | Abyss:1  | Paralysed by accursed screaming for 1 turns
 11808 | Abyss:1  | Mangled by an ancient zyme

Illustrated notes

Levels and vault maps discovered:
D:1:      dpeg_arrival_arbitrary_c, layout_basic, minmay_3d_cube
D:2:      layout_loops_ring, shapermc_ecumenical_altar_ellora
D:3:      layout_basic, lemuel_doored_altar
D:4:      layout_loops_ring, nicolae_overflow_hidden_temple, bh_walls_and_bars
D:5:      layout_loops_ring, nzn_wu_jian_contemplation
D:6:      layout_basic, uniq_sigmund, uniq_menkaure, uniq_duvessa
D:7:      layout_basic, minmay_temple_entry_overgrown, uniq_joseph, uniq_pikel
D:8:      layout_cave_pools, kb_rosetta, uniq_amaemon
D:9:      layout_small_grid, feat_on_display
D:10:     layout_long_grid, mainiacjoe_overflow_alcove_2,
          minmay_lair_entry_grove, uniq_snorg, uniq_grum, uniq_sonja
Temple:   dpeg_three_leaves_temple
Abyss:1:  base: D:5, evilmike_abyss_exit_glass

Skill      XL: |  1  2  3  4  5  6  7  8  9 10 11 12 |
---------------+-------------------------------------+-----
Shields        | 4 5 6 7 8 |  8.1
Fighting       | 4 5 6 7 8 9 10 | 10.0
Maces & Flails | 3 4 5 7 10 12 13 | 13.3
Armour         | 4 5 6 7 8 9 10 | 10.3
Dodging        | 1 2 |  2.3
Throwing       | |  0.7

Action                   |  1- 3 |  4- 6 |  7- 9 | 10-12 || total
-------------------------+-------+-------+-------+-------++-------
Melee: Flail             |    24 |       |       |     6 ||    30
       War axe           |    76 |   122 |   176 |       ||   374
       Morningstar       |       |       |    75 |   503 ||   578
Throw: Stone             |     7 |     1 |       |       ||     8
       Boomerang         |       |       |       |     1 ||     1
  Use: Scroll            |     8 |     6 |     6 |    10 ||    30
       Potion            |       |     1 |     4 |     2 ||     7
Armor: Scale mail        |    58 |    16 |       |       ||    74
       Chain mail        |       |    59 |    10 |       ||    69
       Plate armour      |       |       |   248 |   483 ||   731
Dodge: Dodged            |    53 |    52 |    86 |   180 ||   371
Block: Buckler           |    25 |    37 |    99 |   152 ||   313
